[ AOE2 MATCH · #507284734 ]
UnrankedPersians vs Vietnamese
Player's team · LOSS
[ REPLAY ANALYSIS · EXTRACTED FROM THE RECORDED GAME ]
Feudal
—
Castle
—
Imperial
—
| APM avg | 36.4 |
| APM peak | 68 |
| eAPM avg | 16.7 |
| Villagers / military | 26 / 0 |
Focus
⚔️ 21.8% · 🌾 78.2%
Feudal
15:05
Castle
—
Imperial
—
| APM avg | 76.4 |
| APM peak | 123 |
| eAPM avg | 29.8 |
| Villagers / military | 38 / 0 |
Focus
⚔️ 22.1% · 🌾 77.9%
Match map
Initial resources + every placement click. Lines = walls · curves = elevation contours. ◆ gold · ⬟ stone · ● berries · ✦ relic · ◌ wall gap
Your base· Open — unwalled flank
juligrancella's base· Open — unwalled flank
Smoothed initial terrain · ◌ = detected wall gap · hover for details
Inputs per minute
— Мамкин руинер - - juligrancella
Build order — Мамкин руинер
46 actions detected in the replay
| 0:01 | Queue | Villager (Male) ×5 |
| 0:02 | Build | House |
| 0:04 | Build | House |
| 1:31 | Queue | Villager (Male) |
| 1:58 | Build | Lumber Camp |
| 2:13 | Queue | Villager (Male) |
| 2:30 | Queue | Villager (Male) |
| 3:09 | Queue | Villager (Male) |
| 3:09 | Queue | Villager (Male) |
| 3:47 | Build | House |
| 3:51 | Queue | Villager (Male) |
| 4:24 | Queue | Villager (Male) |
| 4:28 | Queue | Villager (Male) |
| 4:48 | Research | Loom |
| 5:11 | Queue | Villager (Male) |
| 5:13 | Research | Loom |
| 5:30 | Queue | Villager (Male) |
| 6:34 | Build | Town Center |
| 6:41 | Build | Mill |
| 7:22 | Queue | Villager (Male) |
| 7:22 | Queue | Villager (Male) |
| 7:23 | Queue | Villager (Male) |
| 7:59 | Build | Palisade Wall |
| 8:01 | Build | Palisade Wall |
| 8:03 | Build | Palisade Wall |
| 8:23 | Build | Palisade Wall |
| 9:19 | Build | House |
| 9:20 | Build | House |
| 9:44 | Build | Palisade Wall |
| 9:46 | Build | Palisade Wall |
| 9:47 | Build | Palisade Wall |
| 9:48 | Build | Palisade Wall |
| 9:49 | Build | Palisade Wall |
| 10:33 | Queue | Villager (Male) |
| 10:34 | Queue | Villager (Male) |
| 10:34 | Queue | Villager (Male) |
| 10:34 | Queue | Villager (Male) |
| 11:26 | Build | Farm |
| 11:33 | Build | Farm |
| 11:52 | Queue | Villager (Male) |
| 11:53 | Queue | Villager (Male) |
| 11:53 | Queue | Villager (Male) |
| 11:59 | Build | Farm |
| 12:09 | Build | Farm |
| 12:38 | Queue | Villager (Male) |
| 13:28 | Build | Town Center |
Build order — juligrancella
65 actions detected in the replay
| 0:00 | Queue | Villager (Male) |
| 0:01 | Queue | Villager (Male) |
| 0:01 | Queue | Villager (Male) |
| 0:02 | Build | House |
| 0:03 | Build | House |
| 0:18 | Queue | Villager (Male) |
| 0:18 | Queue | Villager (Male) |
| 1:19 | Queue | Villager (Male) |
| 1:53 | Queue | Villager (Male) |
| 1:53 | Queue | Villager (Male) |
| 2:20 | Queue | Villager (Male) |
| 2:20 | Queue | Villager (Male) |
| 2:45 | Queue | Villager (Male) |
| 2:45 | Queue | Villager (Male) |
| 2:59 | Build | House |
| 3:01 | Build | House |
| 3:05 | Build | Lumber Camp |
| 3:12 | Queue | Villager (Male) |
| 3:35 | Build | Palisade Wall |
| 3:36 | Build | Palisade Wall |
| 3:44 | Queue | Villager (Male) |
| 3:45 | Queue | Villager (Male) |
| 4:02 | Queue | Villager (Male) |
| 4:02 | Queue | Villager (Male) |
| 4:39 | Queue | Villager (Male) |
| 4:39 | Queue | Villager (Male) |
| 5:00 | Queue | Villager (Male) |
| 5:00 | Queue | Villager (Male) |
| 5:24 | Queue | Villager (Male) |
| 5:34 | Build | Mill |
| 5:39 | Build | Mill |
| 5:42 | Queue | Villager (Male) |
| 5:45 | Research | Loom |
| 6:43 | Queue | Villager (Male) |
| 7:08 | Queue | Villager (Male) |
| 7:11 | Queue | Villager (Male) |
| 7:20 | Build | House |
| 7:42 | Queue | Villager (Male) |
| 7:45 | Build | House |
| 8:19 | Queue | Villager (Male) |
| 8:45 | Build | Lumber Camp |
| 9:10 | Queue | Villager (Male) |
| 9:13 | Queue | Villager (Male) |
| 9:32 | Build | House |
| 10:34 | Build | Town Center |
| 11:40 | Queue | Villager (Male) |
| 11:41 | Queue | Villager (Male) |
| 12:05 | Build | Farm |
| 12:06 | Build | Farm |
| 12:08 | Queue | Villager (Male) |
| 12:08 | Queue | Villager (Male) |
| 12:30 | Queue | Villager (Male) |
| 12:37 | Build | House |
| 12:41 | Build | House |
| 12:46 | Research | Feudal Age |
| 12:59 | Build | House |
| 13:06 | Queue | Villager (Male) |
| 13:16 | Build | Farm |
| 13:30 | Build | House |
| 14:09 | Build | House |
| 14:12 | Build | House |
| 14:18 | Build | House |
| 14:25 | Queue | Villager (Male) |
| 14:26 | Queue | Villager (Male) |
| 15:05 | Age | Feudal Age |
Match timeline
| 3:35 | juligrancella · wall_segment Palisade Wall x1 |
| 3:36 | juligrancella · wall_segment Palisade Wall x1 |
| 7:59 | Мамкин руинер · wall_segment Palisade Wall x1 |
| 8:01 | Мамкин руинер · wall_segment Palisade Wall x1 |
| 8:03 | Мамкин руинер · wall_segment Palisade Wall x1 |
| 8:23 | Мамкин руинер · wall_segment Palisade Wall x1 |
| 9:44 | Мамкин руинер · wall_segment Palisade Wall x1 |
| 9:46 | Мамкин руинер · wall_segment Palisade Wall x1 |
| 9:47 | Мамкин руинер · wall_segment Palisade Wall x1 |
| 9:48 | Мамкин руинер · wall_segment Palisade Wall x3 |
| 9:49 | Мамкин руинер · wall_segment Palisade Wall x3 |
| 15:05 | juligrancella · age_up feudal |
| 15:13 | Мамкин руинер · resign |
[ AI ANALYSIS · 1 CREDIT ]
What really happened in this match?
Wolo.gg analyzes every decision: build order, eco, micro, common mistakes by bracket. Personalized analysis on WhatsApp or Discord in 30 seconds.
Civ guide
Persians
Perfil
Jugador #4901783